General information
- name: BNet
- type: Ladder team game (AT/RT)
- host: Battle.net
- saver: ImWithStupid
map: Deadlock
- players: 8
- length: 23:58
- speed: Fast
- version: 1.28 W3XP
- replay type: Public
» download(238 KB)
Players
team 1 (loser)
RogerShrubbr (
orange | 52 APM | 1238 actions | 23:49)
4 Archmage
2 Summon Water Elemental
2 Brilliance Aura
2 Paladin
1 Divine Shield
1 Holy Light
3 Mountain King
2 Storm Bolt
1 Bash
» actions
| Assign group hotkey | 42 | |
| Basic commands | 103 | |
| Build / train | 126 | |
| Enter build submenu | 33 | |
| Enter hero's abilities submenu | 9 | |
| Give item / drop item | 2 | |
| Right click | 223 | |
| Select / deselect | 204 | |
| Select group hotkey | 382 | |
| Use ability | 114 | |
1238 total
» units
| Peasant | 34 | |
| Sorceress | 5 | |
| Mortar Team | 15 | |
| Siege Engine | 6 | |
60 total
» upgrades
| Masonry | 3 | |
| Lumber Harvesting | 2 | |
| Magic Sentry | 1 | |
| Sorceress Training | 2 | |
| Flare | 1 | |
| Gunpowder | 3 | |
| Armor | 3 | |
| Fragmentation Shards | 1 | |
| Barrage | 1 | |
| Plating | 3 | |
20 total
» buildings
| Altar of Kings | 1 | |
| Farm | 11 | |
| Lumber Mill | 1 | |
| Town Hall | 2 | |
| Scout Tower | 27 | |
| Guard Tower | 19 | |
| Keep | 3 | |
| Blacksmith | 1 | |
| Castle | 1 | |
| Arcane Sanctum | 1 | |
| Workshop | 4 | |
| Arcane Vault | 2 | |
73 total
» build order
00:19 Altar of Kings
00:34 Farm
00:35 Farm
00:36 Farm
00:53 Lumber Mill
03:15 Town Hall
03:24 Scout Tower
03:25 Scout Tower
03:26 Scout Tower
03:26 Scout Tower
03:27 Scout Tower
03:27 Scout Tower
03:29 Scout Tower
03:52 Guard Tower
04:17 Guard Tower
04:54 Guard Tower
05:07 Keep
05:07 Keep
05:07 Keep
05:11 Guard Tower
05:19 Scout Tower
05:21 Scout Tower
05:22 Scout Tower
05:28 Farm
05:29 Farm
05:30 Farm
05:32 Farm
05:36 Farm
05:43 Guard Tower
05:53 Guard Tower
06:05 Blacksmith
06:13 Scout Tower
06:14 Scout Tower
06:14 Scout Tower
06:15 Scout Tower
06:17 Scout Tower
06:18 Scout Tower
06:19 Scout Tower
06:20 Scout Tower
06:23 Guard Tower
06:25 Guard Tower
06:28 Guard Tower
06:35 Scout Tower
06:36 Scout Tower
06:37 Scout Tower
06:37 Scout Tower
06:40 Scout Tower
06:42 Scout Tower
06:42 Scout Tower
06:43 Scout Tower
06:48 Guard Tower
06:53 Guard Tower
07:17 Guard Tower
07:22 Guard Tower
07:24 Guard Tower
07:27 Guard Tower
07:36 Castle
07:49 Guard Tower
07:56 Arcane Sanctum
08:02 Guard Tower
08:05 Farm
08:09 Farm
08:12 Farm
08:21 Workshop
08:30 Guard Tower
08:32 Scout Tower
08:40 Workshop
08:52 Workshop
09:00 Workshop
09:05 Guard Tower
10:43 Arcane Vault
10:57 Arcane Vault
21:07 Town Hall
» items
| Scroll of Town Portal | 4 | |
| Staff of Sanctuary | 2 | |
| Orb of Fire | 2 | |
8 total
chingatumadre (
pink | 66 APM | 1576 actions | 23:56)
1 Shadow Hunter
1 Healing Wave
4 Far Seer
2 Feral Spirit
2 Chain Lighting
1 Blademaster
1 Wind Walk
» actions
| Assign group hotkey | 64 | |
| Basic commands | 143 | |
| Build / train | 54 | |
| ESC pressed | 3 | |
| Enter build submenu | 17 | |
| Enter hero's abilities submenu | 6 | |
| Give item / drop item | 2 | |
| Right click | 501 | |
| Select / deselect | 324 | |
| Select group hotkey | 390 | |
| Use ability | 72 | |
1576 total
» units
| Peon | 10 | |
| Troll Headhunter/Berserker | 8 | |
| Troll Witch Doctor | 2 | |
| Troll Batrider | 5 | |
25 total
» upgrades
| Ranged Weapons | 2 | |
| Troll Regeneration | 1 | |
| Witch Doctor Training | 2 | |
| Berserker Upgrade | 1 | |
| Burning Oil | 1 | |
| Reinforced Defenses | 1 | |
8 total
» buildings
| Orc Burrow | 4 | |
| Altar of Storms | 2 | |
| War Mill | 1 | |
| Barracks | 3 | |
| Voodoo Lounge | 1 | |
| Stronghold | 1 | |
| Watch Tower | 2 | |
| Fortress | 1 | |
| Spirit Lodge | 1 | |
| Beastiary | 1 | |
17 total
» build order
00:33 Orc Burrow
00:47 Altar of Storms
01:02 War Mill
01:48 Barracks
01:58 Barracks
02:02 Barracks
02:14 Orc Burrow
02:38 Orc Burrow
03:25 Voodoo Lounge
05:35 Stronghold
05:49 Orc Burrow
06:38 Watch Tower
06:55 Watch Tower
09:28 Fortress
09:33 Spirit Lodge
14:39 Beastiary
20:55 Altar of Storms
» items
| Lesser Clarity Potion | 5 | |
| Healing Salve | 1 | |
| Scroll of Speed | 2 | |
| Orb of Lightning | 1 | |
9 total

»
tomyyo2 (
green | 39 APM | 928 actions | 23:52)
1 Far Seer
1 Far Sight
4 Tauren Chieftain
2 War Stomp
2 Endurance Aura
1 Shadow Hunter
1 Healing Wave
» actions
| Build / train | 71 | |
| Enter build submenu | 20 | |
| Enter hero's abilities submenu | 7 | |
| Give item / drop item | 1 | |
| Remove unit from queue | 2 | |
| Right click | 487 | |
| Select / deselect | 276 | |
| Use ability | 64 | |
928 total
» units
| Peon | 17 | |
| Grunt | 7 | |
| Troll Witch Doctor | 5 | |
| Shaman | 6 | |
| Tauren | 9 | |
44 total
» upgrades
| Witch Doctor Training | 2 | |
| Shaman Training | 2 | |
| Pulverize | 1 | |
5 total
» buildings
| Altar of Storms | 1 | |
| Orc Burrow | 8 | |
| Barracks | 1 | |
| War Mill | 1 | |
| Voodoo Lounge | 1 | |
| Stronghold | 1 | |
| Great Hall | 2 | |
| Fortress | 1 | |
| Spirit Lodge | 3 | |
| Tauren Totem | 2 | |
21 total
» build order
00:04 Altar of Storms
00:07 Orc Burrow
00:58 Barracks
01:59 Orc Burrow
02:35 War Mill
02:46 Orc Burrow
03:46 Orc Burrow
04:20 Voodoo Lounge
05:41 Stronghold
06:09 Great Hall
08:54 Fortress
08:58 Spirit Lodge
09:00 Spirit Lodge
09:08 Spirit Lodge
09:36 Orc Burrow
09:39 Orc Burrow
11:16 Tauren Totem
11:18 Tauren Totem
11:46 Orc Burrow
11:49 Orc Burrow
22:29 Great Hall
» items
| Healing Salve | 2 | |
| Lesser Clarity Potion | 1 | |
| Scroll of Town Portal | 5 | |
| Orb of Lightning | 1 | |
9 total
iamtheatlantic (
teal | 191 APM | 4345 actions | 22:47)
3 Blademaster
1 Wind Walk
2 Critical Strike
3 Shadow Hunter
2 Healing Wave
1 Hex
» actions
| Assign group hotkey | 25 | |
| Basic commands | 42 | |
| Build / train | 54 | |
| ESC pressed | 4 | |
| Enter build submenu | 18 | |
| Enter hero's abilities submenu | 6 | |
| Right click | 1505 | |
| Select / deselect | 501 | |
| Select group hotkey | 2133 | |
| Use ability | 56 | |
4345 total
» units
| Peon | 10 | |
| Grunt | 1 | |
| Troll Headhunter/Berserker | 18 | |
29 total
» upgrades
| Ranged Weapons | 3 | |
| Armor | 3 | |
| Berserker Upgrade | 1 | |
| Troll Regeneration | 1 | |
| Pillage | 1 | |
9 total
» buildings
| Altar of Storms | 1 | |
| Orc Burrow | 6 | |
| Barracks | 2 | |
| War Mill | 1 | |
| Voodoo Lounge | 1 | |
| Stronghold | 2 | |
| Fortress | 1 | |
| Great Hall | 2 | |
16 total
» build order
00:12 Altar of Storms
00:15 Orc Burrow
00:21 Orc Burrow
01:22 Barracks
01:49 War Mill
02:09 Voodoo Lounge
02:16 Orc Burrow
03:22 Stronghold
03:22 Stronghold
03:50 Barracks
04:45 Orc Burrow
05:46 Orc Burrow
07:01 Fortress
07:59 Great Hall
09:34 Orc Burrow
13:01 Great Hall
» items
| Healing Salve | 2 | |
| Scroll of Town Portal | 2 | |
| Orb of Lightning | 1 | |
5 total
team 2 (winner)

»
Jiren (
yellow | 52 APM | 1251 actions | 23:56)
7 Mountain King
3 Storm Bolt
3 Bash
1 Avatar
3 Paladin
2 Holy Light
1 Divine Shield
» actions
| Assign group hotkey | 36 | |
| Basic commands | 2 | |
| Build / train | 95 | |
| Enter build submenu | 23 | |
| Enter hero's abilities submenu | 10 | |
| Right click | 462 | |
| Select / deselect | 264 | |
| Select group hotkey | 253 | |
| Use ability | 106 | |
1251 total
» units
| Peasant | 18 | |
| Footman | 8 | |
| Mortar Team | 11 | |
| Knight | 8 | |
| Gryphon Rider | 8 | |
53 total
» upgrades
| Defend | 1 | |
| Plating | 1 | |
| Swords | 2 | |
| Fragmentation Shards | 1 | |
| Animal War Training | 1 | |
| Lumber Harvesting | 1 | |
7 total
» buildings
| Altar of Kings | 2 | |
| Farm | 23 | |
| Barracks | 1 | |
| Lumber Mill | 1 | |
| Scout Tower | 3 | |
| Arcane Tower | 1 | |
| Town Hall | 1 | |
| Arcane Vault | 1 | |
| Keep | 1 | |
| Blacksmith | 1 | |
| Castle | 1 | |
| Gryphon Aviary | 1 | |
| Workshop | 1 | |
| Guard Tower | 1 | |
39 total
» build order
00:13 Altar of Kings
00:19 Farm
00:21 Farm
00:59 Farm
01:12 Barracks
01:39 Farm
02:15 Lumber Mill
02:39 Scout Tower
03:37 Arcane Tower
03:44 Town Hall
04:02 Arcane Vault
05:57 Keep
06:01 Farm
06:47 Blacksmith
06:54 Farm
06:56 Farm
08:51 Scout Tower
08:52 Scout Tower
09:05 Castle
09:10 Gryphon Aviary
09:16 Workshop
09:27 Guard Tower
11:21 Farm
11:22 Farm
11:23 Farm
11:25 Farm
11:27 Farm
11:46 Farm
11:46 Farm
11:48 Farm
15:15 Farm
15:15 Farm
15:16 Farm
17:34 Farm
17:35 Farm
19:21 Farm
19:22 Farm
19:50 Altar of Kings
20:14 Farm
» items
| Healing Salve | 1 | |
| Lesser Clarity Potion | 7 | |
| Scroll of Town Portal | 4 | |
| Boots of Speed | 1 | |
| Potion of Healing | 4 | |
| Scroll of Regeneration | 2 | |
19 total
ImWithStupid (
blue | 25 APM | 592 actions | 23:58)
» actions
| Basic commands | 4 | |
| Build / train | 99 | |
| Enter build submenu | 61 | |
| Remove unit from queue | 1 | |
| Right click | 100 | |
| Select / deselect | 235 | |
| Use ability | 92 | |
592 total
» units
» upgrades
| Masonry | 3 | |
| Lumber Harvesting | 2 | |
5 total
» buildings
| Lumber Mill | 3 | |
| Scout Tower | 65 | |
| Arcane Tower | 2 | |
| Guard Tower | 35 | |
| Keep | 2 | |
| Farm | 6 | |
| Town Hall | 1 | |
| Altar of Kings | 1 | |
| Castle | 1 | |
116 total
» build order
00:32 Lumber Mill
00:39 Scout Tower
00:42 Scout Tower
00:44 Scout Tower
00:47 Scout Tower
00:48 Scout Tower
00:51 Scout Tower
00:53 Scout Tower
01:30 Arcane Tower
01:43 Scout Tower
01:47 Scout Tower
02:04 Guard Tower
02:10 Guard Tower
02:21 Guard Tower
02:27 Guard Tower
02:36 Guard Tower
02:47 Guard Tower
03:12 Guard Tower
03:13 Guard Tower
04:01 Keep
04:17 Farm
04:19 Farm
04:21 Farm
04:23 Farm
04:26 Farm
04:28 Farm
06:06 Town Hall
10:09 Scout Tower
10:09 Scout Tower
10:10 Scout Tower
10:30 Scout Tower
10:31 Scout Tower
10:32 Scout Tower
10:33 Scout Tower
10:34 Scout Tower
10:35 Scout Tower
10:36 Scout Tower
10:37 Scout Tower
10:56 Arcane Tower
11:24 Guard Tower
11:41 Guard Tower
12:00 Guard Tower
12:16 Guard Tower
12:30 Guard Tower
13:03 Guard Tower
13:17 Keep
13:20 Guard Tower
13:26 Altar of Kings
13:43 Guard Tower
14:13 Scout Tower
14:16 Scout Tower
14:18 Scout Tower
14:19 Scout Tower
14:21 Scout Tower
14:24 Scout Tower
14:24 Scout Tower
14:25 Scout Tower
14:28 Scout Tower
14:34 Scout Tower
14:35 Scout Tower
14:36 Scout Tower
14:36 Scout Tower
14:37 Scout Tower
14:38 Scout Tower
14:40 Scout Tower
14:47 Scout Tower
14:50 Scout Tower
14:51 Scout Tower
14:52 Scout Tower
15:23 Guard Tower
15:46 Castle
16:10 Scout Tower
16:10 Scout Tower
16:10 Scout Tower
16:13 Scout Tower
16:13 Scout Tower
16:25 Scout Tower
16:25 Scout Tower
16:26 Scout Tower
16:26 Scout Tower
16:27 Scout Tower
16:28 Scout Tower
17:05 Guard Tower
17:06 Guard Tower
17:07 Guard Tower
17:10 Guard Tower
17:12 Guard Tower
17:17 Guard Tower
17:38 Guard Tower
17:39 Guard Tower
17:40 Guard Tower
17:52 Lumber Mill
17:55 Lumber Mill
17:57 Guard Tower
18:03 Guard Tower
18:55 Guard Tower
20:32 Guard Tower
22:18 Guard Tower
22:22 Scout Tower
22:24 Scout Tower
22:25 Scout Tower
22:27 Scout Tower
22:28 Scout Tower
22:29 Scout Tower
22:31 Scout Tower
22:44 Scout Tower
22:44 Scout Tower
22:45 Scout Tower
22:46 Scout Tower
22:47 Scout Tower
22:49 Scout Tower
22:51 Scout Tower
23:08 Guard Tower
23:09 Guard Tower
23:15 Guard Tower
23:46 Guard Tower

»
Frusciante (
purple | 39 APM | 936 actions | 23:56)
7 Mountain King
3 Storm Bolt
1 Thunder Clap
2 Bash
1 Avatar
» actions
| Assign group hotkey | 1 | |
| Basic commands | 16 | |
| Build / train | 58 | |
| Enter build submenu | 15 | |
| Enter hero's abilities submenu | 9 | |
| Right click | 591 | |
| Select / deselect | 201 | |
| Select group hotkey | 1 | |
| Use ability | 44 | |
936 total
» units
| Peasant | 14 | |
| Footman | 3 | |
| Rifleman | 21 | |
38 total
» upgrades
| Gunpowder | 3 | |
| Armor | 2 | |
| Long Rifles | 1 | |
| Lumber Harvesting | 1 | |
7 total
» buildings
| Altar of Kings | 1 | |
| Farm | 7 | |
| Barracks | 2 | |
| Lumber Mill | 1 | |
| Blacksmith | 1 | |
| Keep | 1 | |
| Arcane Vault | 1 | |
| Town Hall | 2 | |
| Castle | 1 | |
17 total
» build order
00:22 Altar of Kings
00:30 Farm
00:39 Barracks
00:54 Lumber Mill
01:07 Farm
02:12 Farm
02:20 Blacksmith
02:59 Barracks
03:07 Farm
03:55 Keep
03:58 Farm
04:22 Farm
04:47 Farm
05:40 Arcane Vault
07:53 Town Hall
11:05 Castle
12:01 Town Hall
» items
| Scroll of Town Portal | 1 | |
| Potion of Healing | 1 | |
| Orb of Fire | 1 | |
3 total
Philippa34 (
red | 48 APM | 1141 actions | 23:56)
8 Blademaster
3 Wind Walk
3 Critical Strike
1 Bladestorm
1 Mirror Image
» actions
| Assign group hotkey | 28 | |
| Basic commands | 33 | |
| Build / train | 78 | |
| Enter build submenu | 16 | |
| Enter hero's abilities submenu | 8 | |
| Give item / drop item | 3 | |
| Right click | 340 | |
| Select / deselect | 227 | |
| Select group hotkey | 295 | |
| Use ability | 113 | |
1141 total
» units
| Peon | 16 | |
| Grunt | 6 | |
| Wind Rider | 10 | |
| Troll Witch Doctor | 7 | |
| Demolisher | 2 | |
41 total
» upgrades
| Berserker Strength | 1 | |
| Armor | 3 | |
| Reinforced Defenses | 1 | |
| Envenomed Spears | 1 | |
| Ranged Weapons | 3 | |
| Witch Doctor Training | 2 | |
| Burning Oil | 1 | |
12 total
» buildings
| Altar of Storms | 1 | |
| Orc Burrow | 6 | |
| Barracks | 1 | |
| Voodoo Lounge | 1 | |
| Stronghold | 1 | |
| War Mill | 1 | |
| Great Hall | 1 | |
| Fortress | 1 | |
| Beastiary | 2 | |
| Spirit Lodge | 1 | |
| Tauren Totem | 1 | |
| Watch Tower | 1 | |
18 total
» build order
00:14 Altar of Storms
00:19 Orc Burrow
01:20 Barracks
01:24 Voodoo Lounge
02:09 Orc Burrow
02:44 Stronghold
03:40 Orc Burrow
04:47 War Mill
05:39 Great Hall
05:51 Fortress
06:50 Beastiary
06:54 Beastiary
07:33 Orc Burrow
09:15 Spirit Lodge
11:16 Orc Burrow
11:19 Orc Burrow
17:23 Tauren Totem
19:18 Watch Tower
» items
| Healing Salve | 3 | |
| Lesser Clarity Potion | 2 | |
| Boots of Speed | 1 | |
| Scroll of Town Portal | 3 | |
| Scroll of Regeneration | 2 | |
| Potion of Lesser Invulnerability | 1 | |
| Circlet of Nobility | 1 | |
| Orb of Lightning | 1 | |
14 total
Chat log
(02:34 / All) ImWithStupid: Anyone here seen Carnivale?
(02:44 / Allies) Frusciante: nope
(02:57 / All) ImWithStupid: Great show
(03:09 / All) ImWithStupid: Shame season 2 got kind of rushed and fucked with, and was cancelled
(05:11 / Allies) Frusciante: need assistance yellow?
(08:22 / Allies) Frusciante: blue what are you doing
(08:34 / Allies) ImWithStupid: huh/
(08:35 / Allies) Jiren: out
(08:40 / Allies) Jiren: b
(10:05 / Allies) Frusciante: omw
(10:07 / Allies) Frusciante: blue is troll
(11:27 / Allies) Philippa34: stop that blue
(11:30 / Allies) Frusciante: man
(11:32 / Allies) Frusciante: hes such a fuck
(12:38 / Allies) Jiren: b
(17:28 / Allies) Jiren: wood?
(17:47 / Allies) Jiren: ty
(22:44 / All) iamtheatlantic: gg
(23:11 / All) chingatumadre: stupid oj
(23:24 / All) RogerShrubbr: why, cause i'll have highest score on our team?
(23:43 / Allies) Frusciante: nice win
(23:44 / Allies) Frusciante: 3v4
(23:45 / All) RogerShrubbr: gg
(23:48 / All) RogerShrubbr: pink nub
(23:51 / All) ImWithStupid: im helping